 Dungeon Crawl Stone Soup version 0.20-a0-656-g9b0dcd9 (webtiles) character file.

1186 Messajah the Archer (level 8, -11/61 HPs)
             Began as a Centaur Hunter on Feb 16, 2017.
             Was a Believer of Okawaru.
             Shot with an arrow by a centaur (15 damage)
             ... on level 5 of the Dungeon.
             The game lasted 00:23:51 (7718 turns).

Messajah the Archer (Centaur Hunter)                Turns: 7718, Time: 00:23:52

Health: -11/61     AC:  6    Str: 18    XL:     8   Next: 19%
Magic:  8/8        EV:  9    Int: 10    God:    Okawaru [**....]
Gold:   338        SH:  0    Dex:  9    Spells: 7/7 levels left

rFire    . . .     SeeInvis .   a - +1 shortbow
rCold    . . .     Gourm    .   k - +0 leather armour (curse)
rNeg     . . .     Faith    .   (shield currently unavailable)
rPois    .         Spirit   .   v - +2 hat
rElec    .         Reflect  .   (no cloak)
rCorr    +         Harm     .   (no gloves)
MR       .....                  (no barding)
Stlth    +.........             (no amulet)
Regen    0.2/turn               (no ring)
MPRegen  0.2/turn               s - ring of resist corrosion

@: very quick
A: hooves 3, deformed body, speed 2, tough skin 3
a: Heroism, Renounce Religion


You were on level 5 of the Dungeon.
You worshipped Okawaru.
Okawaru was pleased with you.
You were not hungry.

You visited 1 branch of the dungeon, and saw 6 of its levels.

You collected 338 gold pieces.

Inventory:

Hand Weapons
 a - a +1 shortbow (weapon)
 b - a +0 short sword
 B - a +0 falchion
 F - a +0 shortbow
 J - a +1 dagger of distortion
Missiles
 d - 106 arrows (quivered)
 j - 258 stones
 m - 13 tomahawks
 n - 49 sling bullets
 y - 13 poisoned needles
 H - a throwing net
Armour
 k - a cursed +0 leather armour (worn)
 o - a +0 scale mail
 v - a +2 hat (worn)
 x - a +0 scale mail
 E - a +1 leather armour of cold resistance
Magical Staves
 C - an uncursed staff of summoning {unknown}
Jewellery
 s - a ring of resist corrosion (left hand)
Wands
 I - a wand of random effects (28/48)
Scrolls
 e - 3 scrolls of amnesia {unknown}
 h - 4 scrolls of remove curse {unknown}
 l - a scroll of noise {unknown}
 q - 6 scrolls of identify {unknown}
 u - a scroll of recharging {unknown}
 w - 5 scrolls of teleportation {unknown}
 A - a scroll of enchant weapon {unknown}
Potions
 i - a potion of haste {unknown}
 p - 4 potions of curing {unknown}
 r - a potion of mutation {unknown}
 z - a potion of flight {unknown}
 G - a potion of agility {unknown}
Comestibles
 c - 3 meat rations
 f - 4 bread rations
 g - 2 royal jellies
 t - 9 fruits
 D - a chunk of flesh


   Skills:
 - Level 2.0 Fighting
 + Level 13.2 Bows
 - Level 1.3 Dodging
 - Level 0.4 Stealth


You had 7 spell levels left.
You didn't know any spells.

Dungeon Overview and Level Annotations

Branches:
Dungeon (6/15)             Temple (0/1) D:4

Altars:
Ashenzari
Cheibriados
Fedhas
Hepliaklqana
Kikubaaqudgha
Makhleb
Okawaru
Ru
Vehumet
Yredelemnul
The Shining One


Innate Abilities, Weirdness & Mutations

You have hooves in place of feet.
Armour fits poorly on your strangely shaped body.
You cover ground very quickly.
You have extremely tough skin. (AC +3)


Message History

* * * LOW HITPOINT WARNING * * *
The centaur shoots an arrow.
The arrow hits you!
* * * LOW HITPOINT WARNING * * *
You see here an arrow.
The centaur shoots an arrow.
The arrow hits you but does no damage.
You see here an arrow.
An ice beast comes into view.
The ice beast moves out of view.
The centaur shoots an arrow.
The arrow hits you.
* * * LOW HITPOINT WARNING * * *
You see here an arrow.
The centaur shoots an arrow.
The arrow hits you!
* * * LOW HITPOINT WARNING * * *
You see here an arrow.
As you open the door, it creaks loudly!
The centaur shoots an arrow.
The arrow hits you.
* * * LOW HITPOINT WARNING * * *
There is an open door here.
The centaur shoots an arrow.
The arrow hits you!
You die...

#.#.##.###........#..# ###...##
#.#.#.....###.#.#.#..# ###..#
#.#.#.........c...#..# #####..
#.#c#.##.<.##.#...#..# ##..#..#
#.#.#....>....Y...#..# ##.÷...##
#.#......(##...((....# #∩_..###.
#.#(......#.....###..# ##..####.
#.#......(.......##..#########.#+
#.#.>.#..(......@##......# #...
#.#......[...#......#.#..#####...
#.#.#.#........#.#..#.#..#...+...
#.#.#.#..(.....#.#..#.#..##.##<..
..#.#.#..(..........#.#..##.#....
#.#.#c#...(...##.##.#.#..##.#.#.#
#.#^#.#.......'.......#.......#.#
#.#.#.####....#.###.###[..#.#.#.#
#.#.#c# #.####...........#.#.#.#


You could see an ice beast and a centaur.

Vanquished Creatures
  An orc warrior (D:6)
  2 phantoms (D:4)
  An ogre (D:5)
  A centaur (D:5)
  A howler monkey (D:5)
  A crimson imp (D:5)
  A centaur zombie (D:6)
  2 hounds (D:5)
  A bullfrog skeleton (D:5)
  An orc priest (D:3)
  An orc wizard (D:5)
  A centaur skeleton (D:4)
  8 worker ants
  A hound skeleton (D:4)
  7 adders
  8 gnolls
  A shadow imp (D:5)
  2 oozes
  An adder skeleton (D:4)
  2 worms (D:3)
  3 dart slugs
  5 leopard geckos
  14 orcs
  A ball python (D:3)
  3 giant cockroaches
  6 goblins
  5 hobgoblins
  7 jackals
  A quokka (D:4)
  11 bats
  7 frilled lizards
  6 kobolds
  A quokka zombie (D:5)
  6 rats
120 creatures vanquished.

Notes
Turn   | Place    | Note
-------+----------+-------------------------------------------
     0 | D:1      | Messajah the Centaur Hunter began the quest for the Orb.
     0 | D:1      | Reached XP level 1. HP: 17/17 MP: 1/1
   697 | D:1      | Reached XP level 2. HP: 24/24 MP: 2/2
   741 | D:1      | Reached skill level 6 in Bows
  1421 | D:1      | Reached XP level 3. HP: 26/29 MP: 3/3
  1709 | D:2      | Found an iron altar of Okawaru.
  1729 | D:2      | Became a worshipper of Warmaster Okawaru
  1812 | D:2      | Found a basalt altar of Yredelemnul.
  1888 | D:2      | Found a sacrificial altar of Ru.
  2075 | D:2      | Reached skill level 7 in Bows
  2296 | D:2      | Found a blossoming altar of Fedhas.
  2379 | D:2      | Found a glowing golden altar of the Shining One.
  2759 | D:3      | Reached XP level 4. HP: 35/36 MP: 4/4
  2772 | D:3      | Found a snail-covered altar of Cheibriados.
  2774 | D:3      | Found a blossoming altar of Fedhas.
  2774 | D:3      | Found an ancient bone altar of Kikubaaqudgha.
  2777 | D:3      | Found a radiant altar of Vehumet.
  2986 | D:3      | Reached skill level 8 in Bows
  3411 | D:3      | Found a shattered altar of Ashenzari.
  3454 | D:3      | Reached XP level 5. HP: 10/41 MP: 5/5
  3987 | D:4      | Noticed a phantom
  4012 | D:4      | Killed a phantom
  4012 | D:4      | Reached * piety under Okawaru
  4012 | D:4      | Reached skill level 9 in Bows
  4140 | D:4      | Reached XP level 6. HP: 48/48 MP: 6/6
  4383 | D:4      | Reached skill level 10 in Bows
  4558 | D:4      | Found a staircase to the Ecumenical Temple.
  5201 | D:4      | Reached XP level 7. HP: 52/55 MP: 7/7
  5352 | D:4      | Reached ** piety under Okawaru
  5352 | D:4      | Reached skill level 11 in Bows
  5588 | D:5      | Entered Level 5 of the Dungeon
  6169 | D:5      | Reached skill level 12 in Bows
  6972 | D:6      | Found a hazy altar of Hepliaklqana.
  7075 | D:5      | Reached XP level 8. HP: 59/61 MP: 8/8
  7285 | D:5      | Found a burning altar of Makhleb.
  7357 | D:6      | Reached skill level 13 in Bows
  7708 | D:5      | HP: 3/61 [centaur/arrow (6)]
  7718 | D:5      | Shot with an arrow by a centaur

Vault maps used:
D:1:      dpeg_arrival_water_temple_mockup, serial_bayou, serial_bayou_crossing,
          serial_bayou_shore_b, serial_bayou_pond_a, serial_bayou_pond_d,
          serial_bayou_lagoon_a
D:2:      okawaru_gym_becter, yredelemnul_altar_generic,
          nicolae_ru_sacrificial_ziggurat, tso_oasis_becter,
          fedhas_altar_fruit_tree
D:3:      ashenzari_conservatory_becter, grunt_temple_overflow_open,
          kennysheep_generic_room_13
D:4:      minmay_temple_entry_enclosed_plants, first_bread, item_on_display_a
D:5:      makhleb_blood_cavern_becter
D:6:      lemuel_crystal_altar

Skill      XL: |  1  2  3  4  5  6  7  8 |
---------------+-------------------------+-----
Bows           | 6 7 8 9 10 12 13 | 13.2
Fighting       | |  2.0
Dodging        | |  1.3
Stealth        | |  0.4

Action                   |  1- 3 |  4- 6 |  7- 9 || total
-------------------------+-------+-------+-------++-------
Melee: Short sword       |   140 |    61 |     7 ||   208
       Kick              |    17 |    11 |     2 ||    30
 Fire: Shortbow          |     2 |   150 |   166 ||   318
  Eat: Chunk             |     4 |     7 |     5 ||    16
       Fruit             |       |       |     1 ||     1
Armor: Leather armour    |    71 |    46 |    22 ||   139
Dodge: Dodged            |    75 |    54 |    36 ||   165
